 Dungeon Crawl Stone Soup version 0.30-a0-824-g6c64550be9 (webtiles) character file.

Game seed: 16329722388809903275

16 qeuew the Trooper (level 2, 13/24 HPs)
             Began as a Demonspawn Monk on Feb 27, 2023.
             Quit the game on level 1 of the Dungeon.
             The game lasted 00:00:36 (726 turns).

qeuew the Trooper (Demonspawn Monk)                  Turns: 726, Time: 00:00:36

Health: 13/24      AC:  2    Str: 11    XL:     2   Next: 37%
Magic:  2/2        EV: 13    Int: 11    God:
Gold:   56         SH:  0    Dex: 15    Spells: 1/1 levels left

rFire   . . .      SeeInvis .    a - +0 falchion
rCold   + . .      Faith    .    (no shield)
rNeg    . . .      Spirit   .    b - +0 robe
rPois   .          Reflect  .    (no helmet)
rElec   .          Harm     .    (no cloak)
rCorr   .          Rampage  .    (no gloves)
Will    .....                    (no boots)
Stlth   ++                       (no amulet)
HPRegen 0.24/turn                e - ring of protection from cold
MPRegen 0.08/turn                (no ring)

@: no status effects
A: claws 1
a: no special abilities


You were on level 1 of the Dungeon.
You visited 1 branch of the dungeon, and saw 1 of its levels.

You collected 56 gold pieces.

Inventory:

Hand Weapons
 a - a +0 falchion (weapon)
Armour
 b - a +0 robe (worn)
Jewellery
 e - a ring of protection from cold (left claw)
Scrolls
 g - a scroll of teleportation {unknown}
Potions
 c - a potion of ambrosia
 d - 3 potions of attraction {unknown}
 f - 3 potions of haste {unknown}


   Skills:
 + Level 3.1 Fighting
 * Level 3.0 Long Blades
 * Level 0.9 Armour
 + Level 2.8 Dodging
 - Level 1.7 Stealth


You had one spell level left.
You didn't know any spells.
Your spell library was empty.

Dungeon Overview and Level Annotations

Branches:
Dungeon (1/15)

Altars:


Innate Abilities, Weirdness & Mutations

You have sharp fingernails.


Message History

The kobold hits you with a +0 club.
You barely miss the kobold. The kobold closely misses you.
You hit the kobold.
You kill the kobold!
Your Long Blades skill increases to level 3!
No target in view!
No target in view!
No target in view!
No target in view!
f - 3 lumpy white potions (gained 1)
You open the door. You open the door.
There is an open door here.
Found 2 poisoned darts.
A kobold comes into view. It is wielding a +0 club.
The kobold shouts!
The kobold throws a stone.
The stone hits you.
You closely miss the kobold. The kobold closely misses you.
You barely miss the kobold. The kobold barely misses you.
You hit the kobold.
The kobold is moderately wounded.
The kobold barely misses you. The kobold closely misses you.
You completely miss the kobold.
The kobold is moderately wounded.
The kobold closely misses you.
You closely miss the kobold.
The kobold is moderately wounded.
The kobold closely misses you.
You barely miss the kobold.
The kobold is moderately wounded.
The kobold hits you with a +0 club.
You miss the kobold.
The kobold is moderately wounded.
The kobold hits you with a +0 club.
You closely miss the kobold. The kobold hits you with a +0 club.
You closely miss the kobold. The kobold hits you with a +0 club.
The kobold barely misses you.
You closely miss the kobold. Your claw misses the kobold.
The kobold hits you with a +0 club.
Are you sure you want to abandon this character and quit the game? (Confirm with "yes".)

....##
................#
#..###...... ...
............##.######
##.###. ............#
.#.###.#............#
.........# #........#
.#.###.#####........##
...# #..........@K...#
...###..####.........#
.....#..# #.........#
...#.#..# #########.#
...#.#..# # ...#.#..#
####.#..# #.#..#
#.#..#


You could see a kobold.

Vanquished Creatures
  2 giant cockroaches (D:1)
  2 goblins (D:1)
  A hobgoblin (D:1)
  A kobold (D:1)
  A quokka (D:1)
  6 bats (D:1)
  A frilled lizard (D:1)
14 creatures vanquished.

Notes
Turn   | Place    | Note
-------+----------+-------------------------------------------
     0 | D:1      | qeuew the Demonspawn Monk began the quest for the Orb.
     0 | D:1      | Reached XP level 1. HP: 18/18 MP: 1/1
   396 | D:1      | Gained mutation: You have sharp fingernails. [demonic
                  | ancestry]
   396 | D:1      | Reached XP level 2. HP: 24/24 MP: 2/2
   726 | D:1      | Quit the game

Illustrated notes

Levels and vault maps discovered:
D:1:      eino_arrival_tree_alley, layout_basic, dreamdust_princess_bridge,
          hex_intersection

Skill      XL: |  1  2 |
---------------+-------+-----
Long Blades    | 3 |  3.0
Fighting       | |  3.1
Armour         | |  0.9
Dodging        | |  2.8
Stealth        | |  1.7

Action                     || total
---------------------------++-------
  Melee: Falchion          ||    41
   Stab: Sleeping          ||     2
 Armour: Robe              ||     8
  Dodge: Dodged            ||    38

Table legend: (Time is in decaauts)
 A = Elapsed time spent in this place.
 B = Non-inter-level travel time spent in this place.
 C = Inter-level travel time spent in this place.
 D = Time resting spent in this place.
 E = Time spent auto-exploring this place.
 F = Levels seen in this place.
 G = Mean time per level.
                   A        B        C        D        E       F      G
               +--------+--------+--------+--------+--------+-----+--------+
         Total |    732 |    732 |      0 |      0 |    604 |   1 |  732.0 |
       Dungeon |    732 |    732 |      0 |      0 |    604 |   1 |  732.0 |
               +--------+--------+--------+--------+--------+-----+--------+

Top non-repeatable levels by time:
     D:1: 732 daAuts
